 Dungeon Crawl Stone Soup version 0.30.1-3-gfc49f6343a (webtiles) character file.

Game seed: 1649598480444384235

18078 shmup the Arsonist (level 12, -4/71 HPs)
             Began as a Tengu Fire Elementalist on July 22, 2023.
             Was a High Priest of Qazlal.
             Succumbed to a black mamba's poison
             ... on level 1 of the Lair of Beasts.
             The game lasted 01:21:19 (16524 turns).

shmup the Arsonist (Tengu Fire Elementalist)       Turns: 16524, Time: 01:21:20

Health: -4/71      AC:  8    Str: 10    XL:     12   Next: 54%
Magic:  22/29      EV: 18    Int: 19    God:    Qazlal [*****.]
Gold:   595        SH:  6    Dex: 15    Spells: 1/20 levels left

rFire   . . .        n - +3 trident
rCold   . . .        (no shield)
rNeg    + . .        Q - +2 robe {rN+}
rPois   .            (helmet restricted)
rElec   .            v - +1 cloak
rCorr   .            H - +1 pair of gloves
SInv    +            (boots unavailable)
Will    .....        (no amulet)
Stlth   +            k - ring of see invisible
HPRegen 0.31/turn    l - ring of magical power
MPRegen 0.21/turn

%: repel missiles
@: mighty, lethally poisoned (-4 -> -30), flying quickly and evasively, quick
A: beak, talons 3, nimble flight
a: Renounce Religion, Upheaval, Elemental Force, Disaster Area


You were on level 1 of the Lair of Beasts.
You worshipped Qazlal.
Qazlal was extremely pleased with you.
You visited 4 branches of the dungeon, and saw 15 of its levels.
You also visited: Sewer.

You collected 1622 gold pieces.
You spent 1027 gold pieces at shops.

Inventory:

Hand Weapons
 a - a +1 mace of protection
 n - a +3 trident (weapon)
 K - a +4 great sword
 L - a +4 battleaxe
Missiles
 b - 2 silver boomerangs
 w - 5 boomerangs (quivered)
 A - 6 curare-tipped darts
 F - 35 poisoned darts
 J - 6 throwing nets
Armour
 v - a +1 cloak (worn)
 H - a +1 pair of gloves (worn)
 O - the +0 ring mail of Truth {rC+ rCorr Int+3 Dex-5}
   (You found it on level 8 of the Dungeon)

   Int:       It affects your intelligence (+3).
   Dex:       It affects your dexterity (-5).
   rC:        It protects you from cold.
   rCorr:     It protects you from acid and corrosion.
 Q - a +2 robe of positive energy (worn)
Magical Staves
 p - a staff of fire
Jewellery
 k - a ring of see invisible (left hand)
 l - a ring of magical power (right hand)
Wands
 c - a wand of charming (3)
 s - a wand of flame (21)
 I - a wand of mindburst (18)
 N - a wand of light (14)
Scrolls
 e - a scroll of summoning
 o - a scroll of immolation
 q - 5 scrolls of magic mapping
 r - 2 scrolls of fog
 u - 3 scrolls of teleportation
 x - 2 scrolls of amnesia
 y - 2 scrolls of blinking
 B - 2 scrolls of poison
Potions
 d - a potion of magic
 f - a potion of lignification
 h - 4 potions of berserk rage
 i - 2 potions of flight
 j - 3 potions of attraction
 m - a potion of brilliance
 z - 2 potions of degeneration
 G - a potion of haste
 M - a potion of invisibility
 P - a potion of mutation
Miscellaneous
 t - a phial of floods
 D - a phantom mirror


   Skills:
 + Level 6.5 Fighting
 * Level 8.9 Polearms
 - Level 2.0 Armour
 + Level 7.0 Dodging
 - Level 2.0 Stealth
 - Level 4.8 Spellcasting
 - Level 10.0 Conjurations
 - Level 2.0 Hexes
 * Level 3.6 Translocations
 + Level 11.0 Fire Magic
 * Level 2.2 Ice Magic
 * Level 8.0 Air Magic
 - Level 3.0 Poison Magic
 - Level 0.7 Invocations
 - Level 1.7 Evocations


You had one spell level left.
You knew the following spells:

 Your Spells              Type           Power      Damage    Failure   Level
a - Foxfire               Conj/Fire      100%       2x1d9     1%          1
b - Scorch                Fire           92%        2d8       1%          2
c - Inner Flame           Hex/Fire       29%        N/A       2%          3
d - Volatile Blastmotes   Fire/Tloc      64%        2d15      1%          3
e - Hailstorm             Conj/Ice       27%        3d7       3%          3
f - Sticky Flame          Conj/Fire      44%        2d6       1%          4
g - Vhi's Electric Charg  Tloc/Air       52%        N/A       3%          3

Your spell library contained the following spells:

 Spells                   Type           Power      Damage    Failure   Level
 Shock                    Conj/Air       100%       1d9       1%          1
 Apportation              Tloc           36%        N/A       2%          1
 Freeze                   Ice            52%        1d6       4%          1
 Flame Wave               Conj/Fire      44%        2d11      1%          4
 Mephitic Cloud           Conj/Pois/Air  31%        N/A       2%          3
 Frozen Ramparts          Ice            26%        1d4       16%         3
 Cause Fear               Hex            6%         N/A       50%         4
 Alistair's Intoxication  Tmut/Pois      6%         N/A       88%         5
 Borgnjor's Vile Clutch   Necr/Erth      2%         N/A       98%         5
 Eringya's Noxious Bog    Tmut/Pois      5%         N/A       100%        6
 Dragon Form              Tmut           2%         N/A       100%        7
 Dragon's Call            Summ           2%         N/A       100%        9


Dungeon Overview and Level Annotations

Branches:
Dungeon (11/15)            Temple (1/1) D:5            Lair (2/5) D:11
    Orc (1/2) D:11          Sewer (visited)
  Swamp: Lair:2-3    Shoals: Lair:2-3     Snake: Lair:2-3    Spider: Lair:2-3

Altars:
Ashenzari
Cheibriados
Dithmenos
Elyvilon
Fedhas
Gozag
Hepliaklqana
Kikubaaqudgha
Makhleb
Nemelex Xobeh
Okawaru
Qazlal
Ru
Sif Muna
Trog
Uskayaw
Vehumet
Wu Jian
Xom
Yredelemnul
Zin
The Shining One

Shops:
D:7 :?(   D:9 ?

Annotations:
D:7 exclusion: downstairs
D:9 exclusion: 2 downstairs
D:10 SCARY DEVIL WITH FIRE+++, Grum
Lair:1 exclusion: 2 downstairs


Innate Abilities, Weirdness & Mutations

You have a beak for a mouth.
You have claws for feet.
Your magical nature lets you fly swiftly and evasively.


Message History

Confirm with . or Enter, or press ? or * to list all spells.
Flames lash the black mamba.
The black mamba is burned terribly!
The black mamba is almost dead.
You feel very sick. The black mamba bites you!
* * * LOW HITPOINT WARNING * * *
You are lethally poisoned!
The black mamba poisons you!
Casting: Scorch (safe; 1% risk of failure)
Confirm with . or Enter, or press ? or * to list all spells.
Flames lash the black mamba.
The black mamba is burned terribly!
You kill the black mamba!
Qazlal accepts your kill.
* * * LOW HITPOINT WARNING * * *
You feel extremely sick.
Your Dodging skill increases to level 7!
Your Air Magic skill increases to level 8!
There is a lethal amount of poison in your body!
Okay, then.
Okay, then.
Okay, then.
Okay, then.
Search for what [Enter for "weapon", or ? for help]? cure Can't find anything matching that.
Search for what [Enter for "cure", or ? for help]? potion Unknown command.
Unknown command.
Unknown command.
Unknown command.
* * * LOW HITPOINT WARNING * * *
You feel extremely sick.
Okay, then.
Okay, then.
Okay, then.
Search for what [Enter for "potion", or ? for help]? rPois Can't find anything matching that.
Unknown command.
It was a potion of might.
You feel very mighty all of a sudden.
You die...

.▒ ▒.▒▒ ▒ .▒ ▒▒▒.P▒ ▒▒▒ ▒▒▒ ▒▒▒
.▒▒▒▒.▒.▒▒▒▒▒▒▒~▒▒▒▒▒▒▒▒▒P▒▒▒▒▒.▒
.▒..............~~...............
.▒..........~.~~~~~.~............
.▒▒▒▒▒▒▒▒▒▒.~~~~~~~~~............
..▒ ▒~~~☼~~0~~~~▒▒▒▒▒▒▒▒P▒▒
▒▒▒▒▒▒▒▒ ▒.~~~.%~~~~~▒ ▒▒▒
.▒▒.}..▒ ▒▒.~~~.Q.~~~~▒▒ .......▒
▒~~~~~~.~~~~~~▒ ....>.}▒
▒▒.~~#§~~~~~.▒▒
.▒.....▒▒▒▒.~~~~~~~~~.▒ ▒▒▒
.▒▒.}........~~~~~~~.▒▒▒▒▒▒▒▒.▒▒▒
▒▒▒▒..▒.......~.~................
▒..........<.......▒▒▒▒▒▒▒▒.▒▒▒▒▒
.▒.▒.▒▒...▒.P▒▒▒P.▒▒ ▒▒▒ ▒
.▒.▒▒▒▒▒▒▒▒▒▒▒ ▒▒.▒


There were no monsters in sight!

Vanquished Creatures
  3 two-headed ogres
  Amaemon (Lair:2)
  A cyclops (D:9)
  An elephant (Lair:1)
  A black mamba (Lair:1)
  3 cane toads
  5 orange demons (D:10)
  A kobold demonologist (D:11)
  Sigmund (D:5)
  A wraith (D:10)
  A wyvern (D:7)
  37 yaks
  A vampire (D:10)
  Edmund (D:5)
  An acid dragon (D:11)
  A water moccasin (D:7)
  5 orc warriors (D:11)
  2 sky beasts
  2 black bears
  2 ogres
  An ice beast (D:6)
  10 wolves
  7 centaurs
  4 kobold brigands
  A phantom (D:6)
  8 bullfrogs
  5 scorpions
  2 gnoll sergeants
  13 wights
  6 killer bees (D:8)
  An electric eel (D:9)
  8 hounds
  4 orc priests
  A sleepcap (D:5)
  2 gnoll boudas
  5 iguanas
  Natasha (thrice) (D:3)
  2 orc wizards (D:11)
  A mummy (D:6)
  Robin (D:4)
  25 gnolls
  7 adders
  A river rat (D:6)
  5 white imps
  3 ufetubi
  A worm (D:2)
  A dart slug (D:1)
  27 orcs
  4 bats
  12 endoplasms
  11 giant cockroaches
  14 goblins
  13 hobgoblins
  2 jackals (D:9)
  8 quokkas
  11 ball pythons
  12 frilled lizards
  18 kobolds
  A kobold zombie (D:6)
  An orc zombie (D:6)
  7 rats
340 creatures vanquished.

Vanquished Creatures (collateral kills)
  2 foxfires
2 creatures vanquished.

Vanquished Creatures (others)
  641 foxfires
641 creatures vanquished.

Grand Total: 983 creatures vanquished

Notes
Turn   | Place    | Note
-------+----------+-------------------------------------------
     0 | D:1      | shmup the Tengu Fire Elementalist began the quest for the
                  | Orb.
     0 | D:1      | Reached XP level 1. HP: 10/10 MP: 4/4
   314 | D:1      | Reached XP level 2. HP: 15/15 MP: 4/6
   340 | D:1      | Learned a level 2 spell: Scorch
   466 | D:1      | Reached skill level 4 in Fire Magic
   864 | D:1      | Reached XP level 3. HP: 19/19 MP: 7/7
  1080 | D:2      | Found an ornate altar of the Wu Jian Council.
  1384 | D:2      | Noticed a scorpion
  1391 | D:2      | Killed a scorpion
  1392 | D:2      | Reached skill level 5 in Fire Magic
  1392 | D:2      | Reached XP level 4. HP: 24/24 MP: 8/8
  1539 | D:2      | Found a faded altar of an unknown god.
  1552 | D:2      | Got Plato's Parchment of Superposition
  1946 | D:3      | Noticed Natasha
  1959 | D:3      | Killed Natasha
  1960 | D:3      | Gained mutation: Your magical nature lets you fly swiftly
                  | and evasively. [Tengu growth]
  1960 | D:3      | Reached XP level 5. HP: 28/28 MP: 9/9
  2011 | D:3      | Noticed Natasha
  2013 | D:3      | Killed Natasha
  2046 | D:3      | Noticed Natasha
  2049 | D:3      | Killed Natasha
  2173 | D:3      | Reached skill level 6 in Fire Magic
  2212 | D:3      | Reached XP level 6. HP: 27/32 MP: 7/10
  2569 | D:4      | Noticed a black bear
  2578 | D:4      | Killed a black bear
  2579 | D:4      | Reached skill level 5 in Conjurations
  2610 | D:4      | Learned a level 3 spell: Inner Flame
  2649 | D:4      | Reached skill level 7 in Fire Magic
  2649 | D:4      | Reached XP level 7. HP: 36/36 MP: 1/11
  2762 | D:4      | Found a white marble altar of Elyvilon.
  2958 | D:4      | Noticed Robin
  2967 | D:4      | Killed Robin
  3410 | D:5      | Entered Level 5 of the Dungeon
  3454 | D:5      | Reached skill level 1 in Hexes
  3518 | D:5      | Found a staircase to the Ecumenical Temple.
  3616 | Temple   | Entered the Ecumenical Temple
  3796 | Temple   | Became a worshipper of Qazlal Stormbringer
  4217 | D:5      | Found a basalt altar of Yredelemnul.
  4232 | D:5      | Learned a level 3 spell: Volatile Blastmotes
  4255 | D:5      | Reached skill level 8 in Fire Magic
  4255 | D:5      | Reached XP level 8. HP: 42/42 MP: 12/12
  4525 | D:5      | Noticed Edmund
  4540 | D:5      | Killed Edmund
  4541 | D:5      | Reached skill level 1 in Fighting
  4587 | D:5      | Noticed Sigmund
  4603 | D:5      | Killed Sigmund
  4604 | D:5      | Reached skill level 1 in Translocations
  4939 | D:6      | Found a glowing drain.
  5009 | Sewer    | Entered a sewer
  5061 | Sewer    | Reached * piety under Qazlal
  5381 | Sewer    | Reached ** piety under Qazlal
  6168 | D:6      | Noticed a two-headed ogre
  6176 | D:6      | Killed a two-headed ogre
  6177 | D:6      | Reached skill level 1 in Armour
  6177 | D:6      | Reached skill level 9 in Fire Magic
  6177 | D:6      | Reached XP level 9. HP: 32/52 MP: 11/13
  6186 | D:6      | Reached skill level 5 in Dodging
  6406 | D:6      | Reached skill level 5 in Fighting
  6666 | D:6      | Found a hazy altar of Hepliaklqana.
  6820 | D:7      | Found an opulent altar of Gozag.
  6906 | D:7      | Found Coihaa's Hydra Hut.
  6910 | D:7      | Noticed an eight-headed hydra
  7024 | D:7      | Reached skill level 1 in Evocations
  7061 | D:7      | Reached skill level 10 in Fire Magic
  7259 | D:7      | Reached XP level 10. HP: 59/59 MP: 1/14
  7627 | D:7      | Found Woas's Book Shop.
  7631 | D:7      | Bought Sif Muna's Handbook of the Non-Euclidean Zephyr for
                  | 312 gold pieces
  7705 | D:7      | Found a shimmering blue altar of Sif Muna.
  7763 | D:7      | Found Lopsuy's Magic Scroll Shop.
  7771 | D:7      | Bought a scroll of blinking for 75 gold pieces
  7771 | D:7      | Bought a scroll of identify for 20 gold pieces
  7771 | D:7      | Bought a scroll of identify for 20 gold pieces
  7771 | D:7      | Bought a scroll of teleportation for 30 gold pieces
  7771 | D:7      | Bought a scroll of identify for 20 gold pieces
  7895 | D:8      | Found a flagged portal.
  7908 | D:8      | Reached skill level 1 in Polearms
  7908 | D:8      | Reached skill level 1 in Air Magic
  8376 | D:8      | Identified the +0 ring mail of Truth {rC+ rCorr Int+3
                  | Dex-5}
  8447 | D:8      | Reached skill level 1 in Poison Magic
  8459 | D:8      | Reached *** piety under Qazlal
  8605 | D:8      | Found a blossoming altar of Fedhas.
  8672 | D:8      | Identified a scroll of acquirement
  8673 | D:8      | Acquired 800 gold pieces
  8811 | D:7      | Bought the Guide on the Pyre for 234 gold pieces
  8948 | D:8      | Learned a level 4 spell: Flame Wave
 10014 | D:9      | Noticed a cyclops
 10024 | D:9      | Killed a cyclops
 10025 | D:9      | Reached skill level 5 in Polearms
 10141 | D:8      | Learned a level 4 spell: Sticky Flame
 10189 | D:9      | Reached XP level 11. HP: 63/63 MP: 14/18
 10430 | D:9      | Found Hefovan's Magic Scroll Shoppe.
 10437 | D:9      | Bought 2 scrolls of identify for 56 gold pieces
 10574 | D:9      | Reached **** piety under Qazlal
 11091 | D:10     | Entered Level 10 of the Dungeon
 11103 | D:9      | Reached skill level 5 in Air Magic
 11159 | D:10     | Noticed a two-headed ogre
 11163 | D:10     | Killed a two-headed ogre
 11843 | D:10     | HP: 2/64 [red devil/+0 trident (17)]
 12022 | D:10     | Reached skill level 10 in Conjurations
 12130 | D:10     | HP: 1/64 [red devil/+0 trident (14)]
 12831 | D:10     | Noticed Grum
 13074 | D:11     | Reached XP level 12. HP: 70/70 MP: 5/20
 13191 | D:11     | Learned a level 3 spell: Vhi's Electric Charge
 13609 | D:11     | Found a staircase to the Lair.
 13609 | D:11     | Noticed a two-headed ogre
 13623 | D:11     | Killed a two-headed ogre
 13979 | D:11     | Reached ***** piety under Qazlal
 14364 | D:11     | Found a staircase to the Orcish Mines.
 14633 | D:7      | Bought a book of Frost for 260 gold pieces
 14732 | D:9      | Learned a level 3 spell: Hailstorm
 14944 | Orc:1    | Entered Level 1 of the Orcish Mines
 15154 | Lair:1   | Entered Level 1 of the Lair of Beasts
 15174 | Lair:1   | Reached skill level 1 in Ice Magic
 15315 | Lair:2   | Noticed Amaemon
 16185 | Lair:2   | Reached skill level 11 in Fire Magic
 16361 | Lair:2   | Killed Amaemon
 16523 | Lair:1   | HP: 1/71 [poisoned by a black mamba]
 16524 | Lair:1   | Succumbed to a black mamba's poison

Illustrated notes

Levels and vault maps discovered:
D:1:      roderic_dead_forest, layout_rooms, serial_forest,
          infiniplex_forest_clump_long, infiniplex_forest_end_2,
          infiniplex_forest_clump_cross, infiniplex_forest_end_3,
          infiniplex_forest_zigzag_2, infiniplex_forest_lined_2,
          infiniplex_forest_straight_5, hangedman_decor_clover_reticule,
          serial_bayou_pond_e, serial_park_tiny_pond, hangedman_decor_riveting
D:2:      layout_basic, shapermc_ecumenical_altar_rom_forum, basic_altar
D:3:      layout_basic, uniq_natasha
D:4:      layout_basic, nicolae_elyvilon_temple_path, uniq_robin
D:5:      layout_gridville, mainiacjoe_overflow_alcove_1,
          minmay_temple_entry_slanted, sigmund_edmund_badplayer
D:6:      minmay_bubble_buster, layout_loops_ring, nzn_hepliaklqana_mist_gate,
          cheibrodos_sewer_entry_sluice, nicolae_ossuary_entry_giza
D:7:      layout_cave_pools, grunt_gozag_breadcrumbs, lemuel_blue_sif_altar,
          serial_shops, nicolae_shop_peninsula, nicolae_shop_back_alley_shop,
          minmay_misc_feat_rows, doesnt_shop_hydraphobe
D:8:      layout_basic, mainiacjoe_overflow_paths, enter_bailey_5
D:9:      layout_cave_pools, serial_gnoll_camp, gnoll_camp_mini_house,
          gnoll_camp_mini_loothouse, gnoll_camp_mini_hut, gnoll_camp_mini_shop,
          gnoll_camp_mini_doghouse, lightli_minifort
D:10:     nicolae_cairo_tiling_very_big, layout_cave_pools, serial_bayou_pond_e,
          minivault_4, minmay_beelzebubs_servants, uniq_grum
D:11:     layout_roguey, grunt_lair_entry_orc_guard_hut, david_orc_4,
          nicolae_fountain_basement
Temple:   nicolae_temple_slightly_damp_pantheon
Lair:1:   layout_long_grid, beast_lair_carwin_2, serial_bayou_shore_b,
          grunt_megastairs_1, lemuel_fruit_tree, lemuel_fruit_fields,
          infiniplex_staircase_pool_2
Lair:2:   layout_chaotic_city, minmay_shoals_entry_hut, basic_altar,
          lemuel_fruit_fields, uniq_amaemon
Orc:1:    layout_diamond_mine, basic_altar

Skill      XL: |  1  2  3  4  5  6  7  8  9 10 11 12 |
---------------+-------------------------------------+-----
Conjurations   | 2 3 4 5 6 7 8 10 | 10.0
Fire Magic     | 4 5 6 7 8 9 10 11 | 11.0
Hexes          | 1 2 |  2.0
Fighting       | 4 5 6 |  6.5
Dodging        | 4 5 6 7 |  7.0
Translocations | 2 3 |  3.6
Armour         | 1 2 |  2.0
Evocations     | 1 |  1.7
Polearms       | 5 8 |  8.9
Air Magic      | 4 6 8 |  8.0
Poison Magic   | 3 |  3.0
Spellcasting   | 4 |  4.8
Ice Magic      | 2 |  2.2
Stealth        | |  2.0
Invocations    | |  0.7

Action                     |  1- 3 |  4- 6 |  7- 9 | 10-12 || total
---------------------------+-------+-------+-------+-------++-------
  Melee: Unarmed           |    12 |       |       |       ||    12
         Kick              |     4 |     1 |     8 |     8 ||    21
         Peck              |     2 |     2 |     8 |     7 ||    19
         Mace              |    10 |     9 |    41 |     2 ||    62
         Punch             |       |       |     1 |       ||     1
         Trident           |       |       |       |    12 ||    12
   Cast: Foxfire           |    37 |    45 |   119 |   172 ||   373
         Scorch            |     4 |    18 |    66 |   165 ||   253
         Inner Flame       |       |       |     8 |    87 ||    95
         Volatile Blastmot |       |       |     1 |     3 ||     4
         Flame Wave        |       |       |       |     1 ||     1
    Use: Scroll            |       |     1 |     9 |    22 ||    32
         Potion            |       |       |       |     5 ||     5
   Stab: Sleeping          |     1 |       |       |       ||     1
 Armour: Robe              |     6 |     2 |     9 |    27 ||    44
  Dodge: Dodged            |    22 |    14 |    56 |   136 ||   228
         Repelled          |       |       |       |     1 ||     1
  Block: Other             |       |       |     1 |    41 ||    42
